 Dungeon Crawl Stone Soup version 0.30-a0-718-geaa24f58ff (webtiles) character file.

Game seed: 2580949253867015338

4 testman the Ducker (level 1, -5/16 HPs)
             Began as a Demonspawn Gladiator on Jan 25, 2023.
             Slain by a gnoll
             ... wielding a +0 spear
              (8 damage)
             ... on level 1 of the Dungeon.
             The game lasted 00:00:48 (561 turns).

testman the Ducker (Demonspawn Gladiator)            Turns: 561, Time: 00:00:48

Health: -5/16      AC:  4    Str: 14    XL:     1   Next: 50%
Magic:  1/1        EV: 12    Int:  9    God:
Gold:   16         SH:  0    Dex: 14    Spells: 0/0 levels left

rFire   . . .      SeeInvis .    a - +0 rapier
rCold   . . .      Faith    .    (no shield)
rNeg    . . .      Spirit   .    b - +0 leather armour
rPois   .          Reflect  .    c - +0 helmet
rElec   .          Harm     .    (no cloak)
rCorr   .          Rampage  .    (no gloves)
Will    .....                    (no boots)
Stlth   +                        (no amulet)
HPRegen 0.22/turn                (no ring)
MPRegen 0.07/turn                (no ring)

@: no status effects
A: no striking features
a: no special abilities


You were on level 1 of the Dungeon.
You visited 1 branch of the dungeon, and saw 1 of its levels.

You collected 16 gold pieces.

Inventory:

Hand Weapons
 a - a +0 rapier (weapon)
Missiles
 d - 3 throwing nets (quivered)
 e - 7 javelins
 h - 4 poisoned darts
Armour
 b - a +0 leather armour (worn)
 c - a +0 helmet (worn)
Scrolls
 f - a scroll of teleportation {unknown}
 j - 3 scrolls of identify {unknown}
 k - a scroll of magic mapping {unknown}
Potions
 g - a potion of might {unknown}
 i - a potion of invisibility {unknown}


   Skills:
 + Level 2.1 Fighting
 + Level 2.7 Short Blades
 + Level 1.8 Throwing
 + Level 2.7 Dodging


You couldn't memorise any spells.
You didn't know any spells.
Your spell library was empty.

Dungeon Overview and Level Annotations

Branches:
Dungeon (1/15)

Altars:


Message History

The giant cockroach closely misses you.
The gnoll hits you from afar with a +0 spear.
You hit the giant cockroach but do no damage.
The giant cockroach bites you but does no damage.
The gnoll barely misses you.
You barely miss the giant cockroach. The giant cockroach closely misses you.
The gnoll hits you from afar with a +0 spear.
You barely miss the giant cockroach. The giant cockroach misses you.
The gnoll hits you but does no damage.
The giant cockroach bites you but does no damage.
You hit the giant cockroach. Your punch misses the giant cockroach.
The giant cockroach is almost dead.
The giant cockroach bites you but does no damage.
The gnoll hits you but does no damage.
You barely miss the giant cockroach.
The giant cockroach is almost dead.
The giant cockroach misses you. The gnoll hits you but does no damage.
You barely miss the giant cockroach.
The giant cockroach is almost dead.
The giant cockroach bites you. The gnoll misses you.
You closely miss the giant cockroach.
The giant cockroach is severely wounded.
The giant cockroach bites you.
The gnoll hits you from afar with a +0 spear.
The giant cockroach closely misses you.
You hit the giant cockroach but do no damage.
The giant cockroach is severely wounded.
The gnoll closely misses you. The giant cockroach barely misses you.
You barely miss the giant cockroach.
The giant cockroach is severely wounded.
The giant cockroach barely misses you.
The gnoll hits you from afar with a +0 spear.
You hit the giant cockroach but do no damage.
The giant cockroach is severely wounded.
The giant cockroach waves its antennae.
The giant cockroach bites you.
* * * LOW HITPOINT WARNING * * *
The gnoll hits you from afar with a +0 spear!
Ouch! That really hurt!
You die...

####..## #.......#
##..#######...##...
#........##..###...
#.###..........#...
#...###.....##.#..#
#.....###.........#
#...g..(###..#.#...
#..B..###...##.###.
#.@.###.....##.# #.
#.###...###.##.###.
#.....###..........
#...###.....##.##.#
#.###.......##.##.#
#...###........##.#
#.....###....####.#
#.......###..####..
#.#...............#


You could see a gnoll and a giant cockroach.

Vanquished Creatures
  2 bats (D:1)
  A jackal (D:1)
  A ball python (D:1)
4 creatures vanquished.

Notes
Turn   | Place    | Note
-------+----------+-------------------------------------------
     0 | D:1      | testman the Demonspawn Gladiator began the quest for the
                  | Orb.
     0 | D:1      | Reached XP level 1. HP: 16/16 MP: 1/1
     0 | D:1      | Noticed a minotaur
     0 | D:1      | Noticed an ogre
     3 | D:1      | Noticed a ghoul
     3 | D:1      | Noticed a demonspawn
     5 | D:1      | Noticed a troll
     7 | D:1      | Noticed a formicid
     8 | D:1      | Noticed a ghoul
    11 | D:1      | Noticed a demonspawn
    11 | D:1      | Noticed a human
    13 | D:1      | Noticed a barachi
    15 | D:1      | Noticed a formicid
    15 | D:1      | Noticed a vine stalker
    17 | D:1      | Noticed a ghoul
    17 | D:1      | Noticed a demonspawn
    19 | D:1      | Noticed a draconian
   561 | D:1      | Slain by a gnoll

Illustrated notes

Levels and vault maps discovered:
D:1:      shiori_arrival_whats_in_store_for_you, layout_loops_cross,
          minmay_unequal

Action                     || total
---------------------------++-------
  Melee: Rapier            ||    23
 Armour: Leather armour    ||    18
  Dodge: Dodged            ||    18

Table legend: (Time is in decaauts)
 A = Elapsed time spent in this place.
 B = Non-inter-level travel time spent in this place.
 C = Inter-level travel time spent in this place.
 D = Time resting spent in this place.
 E = Time spent auto-exploring this place.
 F = Levels seen in this place.
 G = Mean time per level.
                   A        B        C        D        E       F      G
               +--------+--------+--------+--------+--------+-----+--------+
         Total |    562 |    556 |      6 |      0 |    513 |   1 |  562.0 |
       Dungeon |    562 |    556 |      6 |      0 |    513 |   1 |  562.0 |
               +--------+--------+--------+--------+--------+-----+--------+

Top non-repeatable levels by time:
     D:1: 562 daAuts
